 Dungeon Crawl Stone Soup version 0.20-a0-876-g2c7b0bf (webtiles) character file.

79 Dfrag the Firebug (level 4, -1/30 HPs)
             Began as a Demonspawn Fire Elementalist on Mar 15, 2017.
             Slain by an ice beast (11 damage)
             ... on level 4 of the Dungeon.
             The game lasted 00:02:56 (2170 turns).

Dfrag the Firebug (Demonspawn Fire Elementalist)    Turns: 2170, Time: 00:02:57

Health: -1/30      AC:  2    Str:  8    XL:     4   Next: 17%
Magic:  5/8        EV: 15    Int: 18    God:
Gold:   205        SH:  0    Dex: 13    Spells: 7/8 levels left

rFire    . . .     SeeInvis .   d - +2 dagger (venom)
rCold    . . .     Gourm    +   a - +0 robe
rNeg     . . .     Faith    .   (no shield)
rPois    .         Spirit   .   (no helmet)
rElec    .         Reflect  .   (no cloak)
rCorr    .         Harm     .   (no gloves)
MR       .....                  (no boots)
Stlth    ++........             j - amulet of the gourmand
Regen    0.1/turn               (no ring)
MPRegen  0.2/turn               (no ring)

@: very slightly contaminated
A: talons 1, repulsion field 2
a: no special abilities


You were on level 4 of the Dungeon.
You were not hungry.

You visited 1 branch of the dungeon, and saw 4 of its levels.

You collected 205 gold pieces.

Inventory:

Hand Weapons
 d - a +2 dagger of venom (weapon)
Armour
 a - a +0 robe (worn)
Jewellery
 j - an amulet of the gourmand (around neck)
 w - a +3 amulet of reflection {unknown}
Wands
 x - a wand of polymorph (16/24)
Scrolls
 e - 7 scrolls of identify {unknown}
 f - 2 scrolls of enchant weapon {unknown}
 g - 2 scrolls of remove curse {unknown}
 l - a scroll of recharging {unknown}
 o - 4 scrolls of teleportation {unknown}
 p - a scroll of magic mapping {unknown}
 s - a scroll of immolation {unknown}
 u - a scroll of noise {unknown}
 v - a scroll of amnesia {unknown}
Potions
 h - a potion of berserk rage {unknown}
 i - a potion of lignification {unknown}
 k - 2 potions of curing {unknown}
 m - 2 potions of haste {unknown}
 q - a potion of heal wounds {unknown}
 r - a potion of agility {unknown}
Books
 b - a book of Flames

   Spells                             Type                      Level
   a - Flame Tongue                   Conjuration/Fire             1
   b - Throw Flame                    Conjuration/Fire             2
   c - Conjure Flame                  Conjuration/Fire             3
   d - Inner Flame                    Hexes/Fire                   3
   e - Sticky Flame                   Conjuration/Fire             4
   f - Fireball                       Conjuration/Fire             5
Comestibles
 c - 5 bread rations
 n - a royal jelly
 t - a meat ration


   Skills:
 - Level 1.7 Dodging
 - Level 1.7 Stealth
 + Level 2.7 Spellcasting
 + Level 2.4 Conjurations
 + Level 3.4 Fire Magic


You had 7 spell levels left.
You knew the following spells:

 Your Spells              Type           Power        Failure   Level  Hunger
a - Flame Tongue          Conj/Fire      ##...        6%          1    None


Dungeon Overview and Level Annotations

Branches:
Dungeon (4/15)
 Temple: D:4-7

Altars:


Innate Abilities, Weirdness & Mutations

You have sharp toenails.
You are surrounded by a moderate repulsion field. (EV +3)


Message History

You miscast Flame Tongue.
You are very lightly contaminated with residual magic.
You have a brief vision of globes of primordial fire.
Casting: Flame Tongue
Confirm with . or Enter, or press ? or * to list all spells.
Aiming: Flame Tongue
Press: ? - help, Shift-Dir - straight line, f/p - ice beast
Aim: an ice beast The flame tongue hits the ice beast.
The ice beast melts!
The ice beast is moderately wounded.
The ice beast hits you. The ice beast freezes you!
Casting: Flame Tongue
Confirm with . or Enter, or press ? or * to list all spells.
Aiming: Flame Tongue
Press: ? - help, Shift-Dir - straight line, f/p - ice beast
Aim: an ice beast (moderately wounded)
The flame tongue hits the ice beast.
The ice beast melts!
The ice beast is severely wounded.
The ice beast hits you. The ice beast freezes you!
You die...

### #..... ... .....#
##########.# #....#
........##.# #...)#
.######.##.# #.....
.######.##.####.....
..##............Y#
...#.#...#.#####@######
........................
.........<..####........
.............# #########
.....#.....#.#
..#####.##...# ###
########


You could see an ice beast.

Vanquished Creatures
  A hound (D:4)
  An ooze (D:1)
  2 dart slugs (D:2)
  2 leopard geckos
  An orc (D:3)
  5 bats
  A giant cockroach (D:2)
  2 goblins
  3 hobgoblins
  A quokka (D:2)
  2 ball pythons
  4 frilled lizards
  8 kobolds
  A leopard gecko skeleton (D:4)
  7 rats
41 creatures vanquished.

Notes
Turn   | Place    | Note
-------+----------+-------------------------------------------
     0 | D:1      | Dfrag the Demonspawn Fire Elementalist began the quest for the Orb.
     0 | D:1      | Reached XP level 1. HP: 13/13 MP: 3/3
   235 | D:1      | Gained mutation: You are surrounded by a mild repulsion field. (EV +2) [demonic ancestry]
   235 | D:1      | Reached XP level 2. HP: 3/19 MP: 1/5
   684 | D:1      | Reached skill level 3 in Fire Magic
  1032 | D:2      | Gained mutation: You have sharp toenails. [demonic ancestry]
  1032 | D:2      | Reached XP level 3. HP: 14/24 MP: 6/6
  2088 | D:4      | Gained mutation: You are surrounded by a moderate repulsion field. (EV +3) [demonic ancestry]
  2088 | D:4      | Reached XP level 4. HP: 27/30 MP: 6/8
  2166 | D:4      | Noticed an ice beast
  2170 | D:4      | Slain by an ice beast

Vault maps used:
D:1:      matt_arrival_spirals, minmay_pentomino_w2
D:3:      first_bread

Skill      XL: |  1  2  3 |
---------------+----------+-----
Fire Magic     | 3 |  3.4
Conjurations   | 2 |  2.4
Dodging        | |  1.7
Stealth        | |  1.7
Spellcasting   | |  2.7

Action                   |  1- 3 |  4- 6 || total
-------------------------+-------+-------++-------
Melee: Dagger            |    54 |     6 ||    60
       Kick              |     3 |     3 ||     6
 Cast: Flame Tongue      |    21 |     2 ||    23
 Stab: Sleeping          |     9 |       ||     9
  Eat: Chunk             |    11 |       ||    11
Armor: Robe              |    15 |       ||    15
Dodge: Dodged            |    47 |     4 ||    51
